 Dungeon Crawl Stone Soup version 0.22-a0-815-gb582571 (webtiles) character file.

291 iamserjio the Conjurer (level 6, 17/32 HPs)
             Began as a Tengu Earth Elementalist on July 23, 2018.
             Quit the game on level 4 of the Dungeon.
             The game lasted 00:09:24 (1471 turns).

iamserjio the Conjurer (Tengu Earth Elementalist)   Turns: 1471, Time: 00:09:25

Health: 17/32      AC:  2    Str:  8    XL:     6   Next: 32%
Magic:  6/13       EV: 12    Int: 18    God:
Gold:   22         SH:  0    Dex: 14    Spells: 9/13 levels left

rFire    . . .     SeeInvis .   q - +0 short sword
rCold    . . .     Gourm    .   (no shield)
rNeg     . . .     Faith    .   c - +0 robe
rPois    .         Spirit   .   (helmet restricted)
rElec    .         Reflect  .   (no cloak)
rCorr    .         Harm     .   (no gloves)
MR       .....                  (boots unavailable)
Stlth    ++........             (no amulet)
HPRegen  0.10/turn              (no ring)
MPRegen  0.13/turn              (no ring)

@: slowed, very slow
A: beak, talons 3, able to fly 1
a: Fly


You were on level 4 of the Dungeon.
You were not hungry.

You visited 1 branch of the dungeon, and saw 4 of its levels.

You collected 22 gold pieces.

Inventory:

Hand Weapons
 e - a +0 club
 l - a +0 hunting sling
 q - a +0 short sword (weapon)
Missiles
 b - 10 stones (quivered)
 f - 28 sling bullets
 p - 5 javelins
Armour
 c - a +0 robe (worn)
 j - a +0 cloak
Scrolls
 h - a scroll of enchant armour {unknown}
 k - 3 scrolls of remove curse {unknown}
 m - a scroll of fear {unknown}
 n - a scroll of immolation {unknown}
 r - 2 scrolls of identify {unknown}
Potions
 a - a potion of haste {unknown}
 g - a potion of degeneration {unknown}
 i - a potion of magic {unknown}
 o - a potion of lignification {unknown}
 s - a potion of mutation {unknown}
 t - a potion of might {unknown}
Comestibles
 d - 2 rations
 u - 6 chunks of flesh


   Skills:
 - Level 2.1 Dodging
 - Level 2.0 Stealth
 + Level 4.1 Spellcasting
 * Level 5.7 Conjurations
   Level 0.7 Transmutations
 - Level 2.4 Earth Magic


You had 9 spell levels left.
You knew the following spells:

 Your Spells              Type           Power        Failure   Level  Hunger
a - Sandblast             Erth           ##....       5%          1    None
b - Stone Arrow           Conj/Erth      ###...       9%          3    ###....

Your spell library contained the following spells:

 Spells                   Type           Power        Failure   Level  Hunger
 Passwall                 Tmut/Erth      #.......     12%         2    ##.....
 Lee's Rapid Deconstruct  Erth           ##........   83%         5    ######.
 Petrify                  Tmut/Erth      #.......     58%         4    ####...


Dungeon Overview and Level Annotations

Branches:
Dungeon (4/15)
 Temple: D:4-7

Altars:
Ashenzari
Elyvilon
Fedhas
Trog
Yredelemnul
The Shining One

Annotations:
D:4 iamserjio's ghost, amateur SpMo


Innate Abilities, Weirdness & Mutations

You have a beak for a mouth.
You have claws for feet.
You can fly.


Message History

An orc wizard is nearby!
You are too injured to fight recklessly!
You are too injured to fight recklessly!
An orc comes into view.
The orc wizard shouts!
You hear a shout!
An orc wizard comes into view. It is wielding a dagger.
An orc comes into view. It is wielding a mace of protection.
You see here 5 tomahawks.
Casting: Sandblast (safe; 5% risk of failure)
Confirm with . or Enter, or press ? or * to list all spells.
Aiming: Sandblast (safe; 5% risk of failure)
Press: ? - help, Shift-Dir - straight line, f - orc wizard
Aim: an orc wizard, wielding a dagger and wearing a robe The blast of sand hits the orc wizard.
The orc wizard is moderately wounded.
b - 10 stones The orc wizard shouts!
The orc wizard casts a spell at you.
You feel yourself slow down.
Are you sure you want to abandon this character and quit the game? (Confirm with "yes".)

###.....### ###'###.###
##.... #.......###...... .
##...#............ ..
#.).## .......... .. #...#
....o..oo #. ##..##
##...o.... ##...#
##.......o. ##...##
#..@........ ###....##
##..#........
.........####..###.......##
# ######....##...#
#.......# ## # ##.......##
#......# ##. # ###....##
#.....#####.. ## ##...##
#............ .## #.....##
#........... ..##
##......## #......#....


You could see an orc priest (wandering), 2 orc wizards and 2 orcs.

Vanquished Creatures
  An ogre (D:4)
  A howler monkey (D:4)
  A worker ant (D:4)
  5 adders
  2 gnolls (D:2)
  2 worms
  2 dart slugs
  2 leopard geckos
  7 orcs
  6 bats
  A giant cockroach (D:4)
  7 goblins
  5 hobgoblins
  2 jackals (D:2)
  8 kobolds
  2 quokkas
  A ball python (D:2)
  7 frilled lizards
  4 rats
66 creatures vanquished.

Notes
Turn   | Place    | Note
-------+----------+-------------------------------------------
     0 | D:1      | iamserjio the Tengu Earth Elementalist began the quest for the Orb.
     0 | D:1      | Reached XP level 1. HP: 10/10 MP: 4/4
   114 | D:1      | Reached XP level 2. HP: 15/15 MP: 4/6
   352 | D:2      | Reached XP level 3. HP: 19/19 MP: 5/8
   357 | D:2      | Learned a level 3 spell: Stone Arrow
   626 | D:2      | Reached skill level 1 in Conjurations
   678 | D:2      | You fall through a shaft!
   813 | D:3      | Found a basalt altar of Yredelemnul.
   832 | D:3      | Reached skill level 2 in Conjurations
   832 | D:3      | Reached XP level 4. HP: 17/24 MP: 4/9
  1007 | D:2      | Found a blossoming altar of Fedhas.
  1030 | D:2      | Reached skill level 3 in Conjurations
  1063 | D:3      | HP: 1/24 [dart slug/slug dart (6)]
  1117 | D:4      | Found a runed gate.
  1117 | D:4      | Found a runed gate.
  1117 | D:4      | Found a runed gate.
  1118 | D:4      | Noticed iamserjio's ghost (amateur SpMo)
  1143 | D:4      | Found a glowing golden altar of the Shining One.
  1143 | D:4      | Found a bloodstained altar of Trog.
  1143 | D:4      | Found a shattered altar of Ashenzari.
  1146 | D:4      | Reached skill level 4 in Conjurations
  1146 | D:4      | Gained mutation: You can fly. [Tengu growth]
  1146 | D:4      | Reached XP level 5. HP: 9/28 MP: 6/11
  1358 | D:4      | Noticed an ogre
  1368 | D:4      | Killed an ogre
  1368 | D:4      | Reached skill level 5 in Conjurations
  1368 | D:4      | Reached XP level 6. HP: 14/32 MP: 2/13
  1396 | D:4      | Found a white marble altar of Elyvilon.
  1471 | D:4      | Quit the game

Vault maps used:
D:1:      sevenhm_arrival_forest_fort_large_4, columned_hall_lemuel
D:2:      fedhas_altar_4, first_ration
D:3:      yredelemnul_altar_generic, okawaru_altar_gauntlet_db
D:4:      gammafunk_temple_overflow_forgotten, nicolae_overflow_hidden_temple,
          gammafunk_ghost_necromancy

Skill      XL: |  1  2  3  4  5 |
---------------+----------------+-----
Spellcasting   | 3 4 |  4.1
Conjurations   | 2 4 5 |  5.7
Dodging        | |  2.1
Stealth        | |  2.0
Transmutations | |  0.7
Earth Magic    | |  2.4

Action                   |  1- 3 |  4- 6 || total
-------------------------+-------+-------++-------
Melee: Club              |    31 |       ||    31
       Unarmed           |     1 |       ||     1
       Kick              |     6 |     4 ||    10
       Peck              |     6 |     3 ||     9
       Short sword       |     1 |    34 ||    35
 Cast: Sandblast         |    32 |    29 ||    61
       Stone Arrow       |     6 |     9 ||    15
 Stab: Sleeping          |     3 |     2 ||     5
  Eat: Chunk             |       |     3 ||     3
Armor: Robe              |    11 |     8 ||    19
Dodge: Dodged            |    40 |    30 ||    70

Table legend:
 A = Spawn XP
 B = Non-spawn XP
 C = Spawn XP percentage of total XP
 D = Spawn monster count
 E = Non-spawn monster count
 F = Spawn count percentage of total count
 G = Total turns spent on level
                    A         B        C        D         E        F      G
               +---------+---------+-------+---------+---------+-------+---------
         Total |       0 |     417 |   0.0 |       0 |      66 |   0.0 |  1471
               +---------+---------+-------+---------+---------+-------+---------
           D:1 |       0 |      31 |   0.0 |       0 |      19 |   0.0 |   347
           D:2 |       0 |      51 |   0.0 |       0 |      13 |   0.0 |   488
           D:3 |       0 |      61 |   0.0 |       0 |      17 |   0.0 |   308
           D:4 |       0 |     274 |   0.0 |       0 |      17 |   0.0 |   328
               +---------+---------+-------+---------+---------+-------+---------
